 Dungeon Crawl Stone Soup version 0.18.1-48-g4cf74bf (webtiles) character file.

21 ololoev the Firebug (level 2, 3/15 HPs)
             Began as a Deep Elf Fire Elementalist on July 28, 2016.
             Quit the game on level 1 of the Dungeon.
             The game lasted 00:01:38 (205 turns).

ololoev the Firebug (Deep Elf Fire Elementalist)     Turns: 205, Time: 00:01:39

Health: 3/15       AC:  2    Str:  5    XL:     2   Next: 65%
Magic:  0/8        EV: 13    Int: 19    God:
Gold:   29         SH:  0    Dex: 15    Spells: 1 memorised, 6 levels left

rFire  . . .     SeeInvis .     (no weapon)
rCold  . . .     Gourm    .     a - +0 robe
rNeg   . . .     Faith    .     (no shield)
rPois  .         Spirit   .     (no helmet)
rElec  .         Dismiss  .     (no cloak)
rCorr  .         Reflect  .     (no gloves)
SustAt .         Harm     .     (no boots)
MR     .....                    (no amulet)
Stlth  ++........               (no ring)
                                (no ring)

@: not resistant to hostile enchantments, unstealthy
A: no striking features
a: no special abilities

Inventory:

Armour
 a - a +0 robe (worn)
Scrolls
 d - a scroll of fear {unknown}
 e - a scroll of identify {unknown}
 f - a scroll of immolation {unknown}
Books
 b - a book of Flames

   Spells                             Type                      Level
   a - Flame Tongue                   Conjuration/Fire             1
   b - Throw Flame                    Conjuration/Fire             2
   c - Conjure Flame                  Conjuration/Fire             3
   d - Inner Flame                    Hexes/Fire                   3
   e - Sticky Flame                   Conjuration/Fire             4
   f - Fireball                       Conjuration/Fire             5
Comestibles
 c - a bread ration


   Skills:
 - Level 2.4 Dodging
 - Level 2.4 Stealth
 + Level 3.3 Spellcasting
 * Level 2.4 Conjurations
 + Level 3.5 Fire Magic


You had 6 spell levels left.
You knew the following spells:

 Your Spells              Type           Power        Failure   Level  Hunger
a - Flame Tongue          Conj/Fire      ##...        6%          1    None


You were on level 1 of the Dungeon.
You were not hungry.

You visited 1 branch of the dungeon, and saw 2 of its levels.

You collected 29 gold pieces.

#.# ########.#
#........#
#.#####..######..#
#w#####....>.....#
#.##.....######...
#.##.##.## #†##
#..# #@##....##
#.g..>.... .
####....## .
###.## . #.# . #g
[

Notes
Turn   | Place    | Note
--------------------------------------------------------------
     0 | D:1      | ololoev the Deep Elf Fire Elementalist began the quest for the Orb.
     0 | D:1      | Reached XP level 1. HP: 10/10 MP: 6/6
     9 | D:2      | Reached XP level 2. HP: 15/15 MP: 5/8
   205 | D:1      | Quit the game

Dungeon Overview and Level Annotations

Branches:
Dungeon (2/15)

Altars:


Message History

Casting: Flame Tongue
Confirm with . or Enter, or press ? or * to list all spells.
Aiming: Flame Tongue
Press: ? - help, Shift-Dir - straight line, f/p - hobgoblin
Aim: a hobgoblin The flame tongue hits the hobgoblin.
The hobgoblin is heavily wounded.
The hobgoblin hits you. The hobgoblin hits you.
Found a chain mail.
You see here 11 gold pieces.
Casting: Flame Tongue
Confirm with . or Enter, or press ? or * to list all spells.
Aiming: Flame Tongue
Press: ? - help, Shift-Dir - straight line, f/p - hobgoblin
Aim: a hobgoblin (moderately wounded)
You miscast Flame Tongue.
You are very lightly contaminated with residual magic.
Nothing appears to happen.
The hobgoblin barely misses you.
You now have 29 gold pieces (gained 11).
The hobgoblin hits you.
You see here a chain mail.
A goblin and a hobgoblin come into view.
The hobgoblin shouts!
The goblin shouts!
Found a stone staircase leading up.
The goblin hits you.
Found a beef jerky.
The hobgoblin closely misses you.
There is a stone staircase leading up here.
Casting: Flame Tongue
Confirm with . or Enter, or press ? or * to list all spells.
Aiming: Flame Tongue
Press: ? - help, Shift-Dir - straight line, f/p - hobgoblin
Aim: a hobgoblin (moderately wounded)
The flame tongue hits the goblin.
You kill the goblin!
The hobgoblin hits you.
You climb upwards.
There is a stone staircase leading down here.
Casting: Flame Tongue
Confirm with . or Enter, or press ? or * to list all spells.
Aiming: Flame Tongue
Press: ? - help, Shift-Dir - straight line, f - hobgoblin
Aim: a hobgoblin (moderately wounded)
The flame tongue hits the hobgoblin.
You kill the hobgoblin!
A kobold comes into view.
The kobold shouts!
Found a stone staircase leading down.
Your magical contamination has completely faded away.
A dart slug comes into view.
A hobgoblin comes into view.
Casting: Flame Tongue
Confirm with . or Enter, or press ? or * to list all spells.
Aiming: Flame Tongue
Press: ? - help, Shift-Dir - straight line, f - kobold
Aim: a kobold The flame tongue hits the kobold.
The kobold is heavily wounded.
The kobold hits you but does no damage.
Casting: Flame Tongue
Confirm with . or Enter, or press ? or * to list all spells.
Aiming: Flame Tongue
Press: ? - help, Shift-Dir - straight line, f/p - kobold
Aim: a kobold (heavily wounded)
The flame tongue hits the kobold.
You kill the kobold!
You hit the hobgoblin but do no damage. The hobgoblin hits you.
Casting: Flame Tongue
Confirm with . or Enter, or press ? or * to list all spells.
You don't know that spell.
Eat which item? (? for menu, Esc to quit)
You don't have any such object.
Eat which item? (? for menu, Esc to quit)
Huh?
Eat which item? (? for menu, Esc to quit)
Okay, then.
Unknown command.
Are you sure you want to abandon this character and quit the game? (Confirm with "yes".)

You could see a dart slug and a hobgoblin.

Vanquished Creatures
  An adder (D:2)
  A goblin (D:2)
  2 hobgoblins
  A quokka (D:2)
  2 bats (D:2)
  A giant newt (D:2)
  4 kobolds
  A rat (D:2)
13 creatures vanquished.

Action                   || total
-------------------------++-------
Melee: Unarmed           ||     8
 Cast: Flame Tongue      ||    25
Armor: Robe              ||    14
Dodge: Dodged            ||    42

Vault maps used:
D:1:      minmay_arrival_jagged
D:2:      first_bread, hangedman_decor_diamond_cutter
